 Dungeon Crawl Stone Soup version 0.30-a0-371-gad7725a93e (webtiles) character file.

Game seed: 12858937112333027533

30592 ders the Warrior (level 13, -10/128 HPs)
             Began as a Minotaur Fighter on Nov 22, 2022.
             Was the Champion of Okawaru.
             Killed from afar by a lindwurm (11 damage)
             ... with a blast of flame
             ... while petrified by a catoblepas
             ... on level 5 of the Lair of Beasts.
             The game lasted 00:22:04 (13938 turns).

ders the Warrior (Minotaur Fighter)                Turns: 13938, Time: 00:22:05

Health: -10/128    AC: 16    Str: 27    XL:     13   Next: 21%
Magic:  12/12      EV:  2    Int:  5    God:    Okawaru [******]
Gold:   1555       SH:  0    Dex:  9    Spells: 12/12 levels left

rFire   . . .      SeeInvis .    Q - +4 broad axe (venom)
rCold   + . .      Faith    .    J - +0 tower shield of Time Monsters {rElec rPois}
rNeg    + + +      Spirit   .    E - +3 chain mail {Will+}
rPois   ∞          Reflect  +    (helmet restricted)
rElec   +          Harm     .    o - +0 cloak
rCorr   .          Rampage  .    (no gloves)
Will    +....                    (no boots)
Stlth   ..........               A - amulet of reflection
HPRegen 0.41/turn                y - ring of protection from cold
MPRegen 0.13/turn                C - +4 ring of evasion

@: petrified
A: horns 2, retaliatory headbutt
a: Renounce Religion, Heroism, Finesse, Duel


You were on level 5 of the Lair of Beasts.
You worshipped Okawaru.
Okawaru was exalted by your worship.
You visited 3 branches of the dungeon, and saw 15 of its levels.

You collected 1555 gold pieces.

Inventory:

Hand Weapons
 a - a +0 war axe
 c - a +4 war axe of freezing
 d - a +2 battleaxe
 P - a +0 flail of holy wrath
 Q - a +4 broad axe of venom (weapon)
Armour
 j - the +5 buckler of Turhom {rF- Str+6 Slay+2}
   (You found it on level 5 of the Dungeon)

   Str:       It affects your strength (+6).
   Slay:      It affects your accuracy & damage with ranged weapons and melee
   (+2).
   rF:        It makes you vulnerable to fire.
 o - a +0 cloak (worn)
 E - a +3 chain mail of willpower (worn)
 J - the +0 tower shield of Time Monsters (worn) {rElec rPois}
   (Okawaru gifted it to you on level 9 of the Dungeon)

   rElec:     It insulates you from electricity.
   rPois:     It protects you from poison.
Jewellery
 b - a ring of wizardry
 k - an amulet of guardian spirit
 r - a +6 ring of strength
 y - a ring of protection from cold (left hand)
 z - a ring of positive energy
 A - an amulet of reflection (around neck)
 C - a +4 ring of evasion (right hand)
 K - a ring of willpower
Wands
 t - a wand of mindburst (8)
 L - a wand of quicksilver (5)
Scrolls
 f - 3 scrolls of amnesia
 g - 2 scrolls of enchant armour {unknown}
 h - 6 scrolls of poison
 i - 8 scrolls of noise
 l - 5 scrolls of immolation
 s - 6 scrolls of teleportation
 v - 3 scrolls of identify
 w - 7 scrolls of magic mapping
 x - 4 scrolls of fog
 H - a scroll of summoning
 M - 2 scrolls of brand weapon {unknown}
 N - a scroll of blinking
 O - a scroll of torment {unknown}
Potions
 e - 3 potions of heal wounds
 m - a potion of mutation {unknown}
 n - a potion of haste {unknown}
 p - a potion of attraction {unknown}
 q - 5 potions of curing
 u - 4 potions of cancellation
 B - 2 potions of flight {unknown}
 D - 3 potions of degeneration
 F - a potion of ambrosia {unknown}
 G - a potion of brilliance {unknown}
 I - 2 potions of lignification {unknown}
 R - a potion of resistance {unknown}


   Skills:
 * Level 15.9 Fighting
 * Level 15.7 Axes
 + Level 11.7 Armour
 + Level 11.7 Shields


You had 12 spell levels left.
You didn't know any spells.
Your spell library contained the following spells:

 Spells                   Type           Power      Damage    Failure   Level
 Gell's Gravitas          Tloc           0%         N/A       100%        3
 Portal Projectile        Hex/Tloc       0%         N/A       100%        3
 Teleport Other           Tloc           0%         N/A       100%        3
 Leda's Liquefaction      Hex/Erth       0%         N/A       100%        4
 Blade Hands              Tmut           0%         N/A       100%        5
 Silence                  Hex/Air        0%         N/A       100%        5
 Dispersal                Tloc           0%         N/A       100%        6
 Tukima's Dance           Hex            Unusable   N/A       N/A         3

Dungeon Overview and Level Annotations

Branches:
Dungeon (9/15)             Temple (1/1) D:4            Lair (5/5) D:8
  Swamp (0/4) Lair:3       Spider (0/4) Lair:3        Slime (0/5) Lair:4
    Orc: D:9-12

Altars:
Ashenzari
Cheibriados
Dithmenos
Elyvilon
Fedhas
Gozag
Hepliaklqana
Kikubaaqudgha
Makhleb
Nemelex Xobeh
Okawaru
Qazlal
Ru
Sif Muna
Uskayaw
Vehumet
Wu Jian
Xom
Yredelemnul
Zin
The Shining One
Jiyva

Annotations:
Lair:2 1 runed translucent door, indyram44's ghost, journeyman AtFi


Innate Abilities, Weirdness & Mutations

You have a pair of horns on your head.
You reflexively headbutt those who attack you in melee.


Message History

The death yak gores you! You block the death yak's attack.
You have turned to stone.
The catoblepas gores you.
The death yak gores you but does no damage.
The catoblepas gores you!!
* * * LOW HITPOINT WARNING * * *
The death yak gores you!!
* * * LOW HITPOINT WARNING * * *
The catoblepas gores you!
* * * LOW HITPOINT WARNING * * *
The death yak gores you but does no damage.
The catoblepas gores you but does no damage.
The death yak gores you. The catoblepas gores you!
* * * LOW HITPOINT WARNING * * *
The lindwurm bites you but does no damage.
The lindwurm claws you but does no damage. x2
The death yak gores you.
* * * LOW HITPOINT WARNING * * *
You kill the death yak!
Okawaru accepts your kill.
The catoblepas gores you but does no damage.
The lindwurm bites you!
* * * LOW HITPOINT WARNING * * *
The lindwurm claws you but does no damage. x2
The catoblepas gores you.
* * * LOW HITPOINT WARNING * * *
The lindwurm bites you.
* * * LOW HITPOINT WARNING * * *
The lindwurm claws you but does no damage.
The lindwurm claws you.
You kill the catoblepas!
Okawaru is honoured by your kill. The lindwurm bites you!
* * * LOW HITPOINT WARNING * * *
The lindwurm claws you but does no damage.
The lindwurm claws you. The lindwurm breathes flames at you.
The blast of flame hits you!!
You die...

#.....#,..,**...÷#...#
#....P#,8..*,#...#...#
#.....#,....##...#...#
##..÷.##.8..#....#..P#
##....#..÷.....##..##
##...###......#..##
#P....###....#.##
##♣...P.##..††.##
#......##.k@.P#
###.........P.#
########...## ###.#
###


You could see a lindwurm (catching breath).

Vanquished Creatures
  2 hydras
  A boulder beetle (D:7)
  A catoblepas (Lair:5)
  3 death yaks (Lair:5)
  A lindwurm (Lair:5)
  16 elephants
  9 cane toads
  Psyche (D:8)
  A rime drake (Lair:3)
  6 komodo dragons
  2 burning bushes (Lair:2)
  2 trolls
  A meliai (Lair:3)
  A hornet (D:9)
  Prince Ribbit (D:8)
  13 blink frogs
  4 wyverns
  A basilisk (Lair:1)
  32 yaks
  3 steam dragons
  Edmund (D:6)
  11 water moccasins
  3 ice beasts
  4 orc warriors
  3 black bears
  7 wolves (Lair:5)
  2 centaurs
  A phantom (D:3)
  3 kobold brigands
  2 necrophages
  9 bullfrogs
  2 scorpions
  18 wights
  7 killer bees
  5 electric eels (Lair:3)
  3 howler monkeys
  4 orc priests
  4 hounds
  12 iguanas
  10 orc wizards
  7 hell rats (Lair:4)
  4 gnolls (D:4)
  8 adders
  3 white imps
  2 ufetubi (D:6)
  A worm (D:5)
  A dart slug (D:1)
  25 orcs
  12 ball pythons
  7 endoplasms
  6 giant cockroaches
  6 hobgoblins
  13 jackals
  9 kobolds
  3 quokkas
  2 bats (D:3)
  2 frilled lizards
  4 goblins
  8 rats
335 creatures vanquished.

Vanquished Creatures (others)
  2 kobolds (D:8)
  32 fungi
  43 plants
77 creatures vanquished.

Grand Total: 412 creatures vanquished

Notes
Turn   | Place    | Note
-------+----------+-------------------------------------------
     0 | D:1      | ders the Minotaur Fighter began the quest for the Orb.
     0 | D:1      | Reached XP level 1. HP: 19/19 MP: 0/0
   244 | D:1      | Reached XP level 2. HP: 27/27 MP: 1/1
   946 | D:2      | Reached XP level 3. HP: 33/33 MP: 2/2
  1531 | D:3      | Found a radiant altar of Vehumet.
  1711 | D:3      | Reached XP level 4. HP: 41/41 MP: 3/3
  1793 | D:3      | Found a faded altar of an unknown god.
  1985 | D:4      | Noticed a phantom
  1987 | D:4      | Noticed a scorpion
  1987 | D:4      | Noticed a black bear
  2069 | D:3      | Killed a phantom
  2070 | D:3      | Reached skill level 5 in Fighting
  2070 | D:3      | Reached XP level 5. HP: 37/48 MP: 4/4
  2082 | D:3      | HP: 1/48 [something (7)]
  2094 | D:3      | Reached XP level 6. HP: 21/56 MP: 1/5
  2228 | D:4      | Reached skill level 5 in Axes
  2234 | D:4      | Reached skill level 5 in Shields
  2441 | D:4      | Found a staircase to the Ecumenical Temple.
  2455 | Temple   | Entered the Ecumenical Temple
  2497 | Temple   | Became a worshipper of Warmaster Okawaru
  2598 | D:4      | Reached skill level 5 in Armour
  2658 | D:4      | You fall into a shaft and drop 2 floors!
  2692 | D:6      | Noticed Edmund
  2724 | D:6      | Killed Edmund
  2725 | D:6      | Reached XP level 7. HP: 46/64 MP: 6/6
  2819 | D:6      | Reached * piety under Okawaru
  3022 | D:6      | Reached XP level 8. HP: 61/73 MP: 4/7
  3079 | D:6      | Reached ** piety under Okawaru
  3300 | D:5      | Entered Level 5 of the Dungeon
  3723 | D:5      | Identified the +5 buckler of Turhom {rF- Str+6 Slay+2}
  3934 | D:5      | Found a blossoming altar of Fedhas.
  3962 | D:5      | Reached XP level 9. HP: 76/83 MP: 8/8
  4227 | D:6      | Reached *** piety under Okawaru
  4373 | D:6      | Noticed a troll
  4383 | D:6      | Killed a troll
  4628 | D:6      | Found a hazy altar of Hepliaklqana.
  4747 | D:6      | Found a white marble altar of Elyvilon.
  4927 | D:7      | Found an ancient bone altar of Kikubaaqudgha.
  4940 | D:7      | Reached skill level 10 in Fighting
  5201 | D:7      | Noticed a boulder beetle
  5230 | D:7      | Found a broken altar of Ashenzari.
  5329 | D:7      | Found a sparkling altar of Nemelex Xobeh.
  5640 | D:7      | Killed a boulder beetle
  5641 | D:7      | Reached skill level 10 in Axes
  5641 | D:7      | Reached XP level 10. HP: 35/94 MP: 1/9
  5977 | D:8      | Reached **** piety under Okawaru
  6096 | D:8      | Noticed Prince Ribbit
  6106 | D:8      | Killed Prince Ribbit
  6118 | D:8      | Noticed Psyche
  6141 | D:8      | Killed Psyche
  6141 | D:8      | Reached ***** piety under Okawaru
  6460 | D:8      | Found a staircase to the Lair.
  6847 | D:8      | Found a sacrificial altar of Ru.
  7131 | D:9      | Paralysed by a hornet for 1 turns
  7337 | D:9      | Identified the +0 tower shield of Time Monsters {rElec
                  | rPois} (Okawaru gifted it to you on level 9 of the Dungeon)
  7337 | D:9      | Received a gift from Okawaru
  7670 | Lair:1   | Entered Level 1 of the Lair of Beasts
  7745 | Lair:1   | Identified a scroll of acquirement
  7745 | Lair:1   | Acquired 730 gold pieces
  7829 | Lair:1   | Noticed a cane toad
  7841 | Lair:1   | Killed a cane toad
  7939 | Lair:1   | Reached XP level 11. HP: 104/104 MP: 10/10
  8144 | Lair:1   | Identified the +0 ring mail of Hysteria {rPois rC+ Int+5}
  8880 | Lair:2   | Found a runed translucent door.
  8882 | Lair:2   | Found a shimmering altar of Xom.
  8882 | Lair:2   | Noticed indyram44's ghost (journeyman AtFi)
  8882 | Lair:2   | Noticed a +1 battleaxe of chaos
  8933 | Lair:2   | Identified the +2 pair of gloves of the Storm King {rPois
                  | rC- rCorr Dex+5} (Okawaru gifted it to you on level 2 of
                  | the Lair of Beasts)
  8933 | Lair:2   | Received a gift from Okawaru
  8941 | Lair:2   | Reached skill level 10 in Armour
  9455 | Lair:2   | Reached skill level 10 in Shields
  9987 | Lair:3   | Reached XP level 12. HP: 111/116 MP: 11/11
 10053 | Lair:3   | Found a staircase to the Swamp.
 10483 | Lair:3   | Found a hole to the Spider Nest.
 11289 | Lair:4   | Reached ****** piety under Okawaru
 11297 | Lair:4   | Received a gift from Okawaru
 11447 | Lair:4   | Noticed a four-headed hydra
 11719 | Lair:4   | Found a viscous altar of Jiyva.
 11719 | Lair:4   | Found a staircase to the Slime Pits.
 11743 | Lair:4   | Identified the +0 plate armour of the Bagpipe {+Blink Str+4
                  | Int+4 SInv}
 11969 | Lair:4   | Killed an eight-headed hydra
 12665 | Lair:5   | Entered Level 5 of the Lair of Beasts
 12672 | Lair:5   | Reached skill level 15 in Fighting
 12691 | Lair:5   | Reached skill level 15 in Axes
 12924 | Lair:5   | Got the Spellbook of Bewitchment
 12940 | Lair:5   | Noticed an eight-headed hydra
 13019 | Lair:5   | Noticed a death yak
 13020 | Lair:5   | Noticed a death yak
 13021 | Lair:5   | Noticed a catoblepas
 13021 | Lair:5   | Noticed a death yak
 13039 | Lair:5   | Killed a death yak
 13066 | Lair:5   | Identified the +2 rapier of Descent {antimagic, Str+5}
                  | (Okawaru gifted it to you on level 5 of the Lair of Beasts)
 13066 | Lair:5   | Received a gift from Okawaru
 13070 | Lair:5   | Reached XP level 13. HP: 49/127 MP: 12/12
 13937 | Lair:5   | HP: 1/128 [lindwurm (6)]
 13938 | Lair:5   | Killed from afar by a lindwurm

Illustrated notes

Levels and vault maps discovered:
D:1:      roderic_crossed_star, layout_loops_corners, serial_park_tiny_1,
          minmay_distorted
D:2:      layout_rooms, hangedman_abyss_or_decor_lesser_grid,
          minmay_pentomino_p4
D:3:      layout_loops_cross, mainiacjoe_overflow_boulevard,
          dreamdust_ecumenical_altar_hidden_monk_grotto, minmay_unequal
D:4:      layout_rooms, minmay_temple_entry_overgrown, eino_tiny_chamber
D:5:      layout_rooms, fedhas_altar_3, grunt_decor_arrowhead
D:6:      layout_cave_pools, nicolae_elyvilon_temple_path, lemuel_round_altar,
          minmay_unpleasant_kobolds, uniq_edmund
D:7:      layout_basic, mainiacjoe_overflow_alcove_4, kiku_gazebo_pond_becter,
          kennysheep_mini
D:8:      layout_rooms, nicolae_ru_the_path_less_chosen, lair_entry_dummy,
          roderic_lattice_a, grunt_ministairs_1, uniq_psyche,
          uniq_prince_ribbit1
D:9:      layout_irregular_city
Temple:   nicolae_temple_ecumenical_triangle
Lair:1:   layout_loops_ring, chequers_serial_rivers_small_3, lemuel_fruit_tree,
          infiniplex_staircase_pool
Lair:2:   beast_lair_carwin_large_3, layout_misc_corridors, ebering_ghost_xom,
          evilmike_ambush [evilmike_ambush_outer_corners,
          evilmike_ambush_inner_wall_2]
Lair:3:   layout_roguey, minmay_swamp_entry_eels,
          hellmonk_spider_entry_not_the_bees
Lair:4:   layout_roguey, slime_entry_1, st_stairs_10,
          chequers_serial_rivers_large_b, infiniplex_staircase_pool_2
Lair:5:   grunt_lair_end_beastmaster, layout_layer_cave, grunt_megastairs_3

Skill      XL: |  1  2  3  4  5  6  7  8  9 10 11 12 |
---------------+-------------------------------------+-----
Fighting       | 4 5 6 7 9 10 12 13 15 | 15.9
Axes           | 3 4 5 6 8 10 11 13 15 | 15.7
Armour         | 4 5 6 7 9 10 11 | 11.7
Shields        | 4 5 6 8 9 10 11 | 11.7

Action                   |  1- 3 |  4- 6 |  7- 9 | 10-12 | 13-15 || total
-------------------------+-------+-------+-------+-------+-------++-------
Melee: War axe           |    88 |   100 |   226 |   354 |       ||   768
       Headbutt          |     9 |    20 |    42 |   106 |    13 ||   190
       Broad axe         |       |       |       |    83 |    42 ||   125
       Flail             |       |       |       |     9 |     6 ||    15
  Use: Potion            |       |     3 |     4 |     5 |       ||    12
       Scroll            |       |       |       |    20 |       ||    20
 Stab: Petrified         |       |       |       |     2 |       ||     2
Armor: Scale mail        |    19 |       |       |       |       ||    19
       Plate armour      |    35 |    74 |       |       |       ||   109
       Chain mail        |       |       |   104 |   211 |    48 ||   363
Dodge: Dodged            |    31 |    31 |   131 |   174 |    12 ||   379
Block: Buckler           |    16 |    28 |    98 |    47 |       ||   189
       Tower shield      |       |       |       |   378 |    71 ||   449

Table legend: (Time is in decaauts)
 A = Elapsed time spent in this place.
 B = Non-inter-level travel time spent in this place.
 C = Inter-level travel time spent in this place.
 D = Time resting spent in this place.
 E = Time spent auto-exploring this place.
 F = Levels seen in this place.
 G = Mean time per level.
                   A        B        C        D        E       F      G
               +--------+--------+--------+--------+--------+-----+--------+
         Total |  14138 |  12986 |   1152 |   2709 |   8113 |  15 |  942.5 |
       Dungeon |   7888 |   7108 |    780 |   1132 |   4645 |   9 |  876.4 |
        Temple |     47 |     38 |      9 |      0 |     30 |   1 |   47.0 |
          Lair |   6202 |   5839 |    363 |   1577 |   3438 |   5 | 1240.4 |
               +--------+--------+--------+--------+--------+-----+--------+

Top non-repeatable levels by time:
  Lair:4: 1685 daAuts
  Lair:2: 1569 daAuts
     D:6: 1365 daAuts
     D:7: 1210 daAuts
  Lair:3: 1090 daAuts
  Lair:5: 1068 daAuts
     D:8: 973 daAuts
     D:3: 928 daAuts
     D:1: 876 daAuts
     D:4: 798 daAuts
  Lair:1: 789 daAuts
     D:9: 787 daAuts
     D:5: 491 daAuts
     D:2: 455 daAuts
  Temple: 47 daAuts
